 Dungeon Crawl Stone Soup version 0.20.1-1-g8b1a95d (webtiles) character file.

7268 Peloso the Carver (level 10, -9/90 HPs)
             Began as a Minotaur Fighter on July 5, 2017.
             Was a High Priest of Okawaru.
             Mangled by Snorg (17 damage)
             ... on level 10 of the Dungeon.
             The game lasted 00:22:37 (8869 turns).

Peloso the Carver (Minotaur Fighter)                Turns: 8869, Time: 00:22:38

Health: -9/90      AC: 18    Str: 29    XL:     10   Next: 89%
Magic:  8/9        EV: 12    Int:  5    God:    Okawaru [*****.]
Gold:   495        SH: 15    Dex: 12    Spells: 9/9 levels left

rFire    . . .     SeeInvis +   a - +0 long sword
rCold    . . .     Gourm    .   c - +0 shield
rNeg     . . .     Faith    .   G - +0 plate armour
rPois    .         Spirit   .   (helmet restricted)
rElec    .         Reflect  .   w - +0 cloak
rCorr    .         Harm     .   n - -1 pair of gloves
MR       .....                  (no boots)
Stlth    ..........             v - amulet of magic regeneration
Regen    0.3/turn               b - +2 ring of strength
MPRegen  0.2/turn               L - ring of see invisible

@: mighty, heroism, studying Slings
A: retaliatory headbutt, horns 2
a: Heroism, Finesse, Renounce Religion


You were on level 10 of the Dungeon.
You worshipped Okawaru.
Okawaru was extremely pleased with you.
You were not hungry.

You visited 2 branches of the dungeon, and saw 11 of its levels.

You collected 495 gold pieces.

Inventory:

Hand Weapons
 a - a +0 long sword (weapon)
 x - a +0 trident of freezing
Armour
 c - a +0 shield (worn)
 n - a -1 pair of gloves (worn)
 w - a +0 cloak (worn)
 G - a +0 plate armour (worn)
Jewellery
 b - a +2 ring of strength (left hand)
 v - an amulet of magic regeneration (around neck)
 L - a ring of see invisible (right hand)
Wands
 u - a wand of confusion (7/48)
 E - a wand of iceblast (8/15)
 F - a wand of confusion (28/48)
 H - a wand of flame (27/48)
Scrolls
 d - a scroll of amnesia {unknown}
 g - a scroll of recharging
 h - 7 scrolls of teleportation
 m - a scroll of fog {unknown}
 q - a scroll of remove curse
 y - a scroll of identify
 C - a scroll of enchant weapon {unknown}
 I - a scroll of fear
 K - a scroll of magic mapping
Potions
 i - a potion of brilliance
 j - 3 potions of lignification {unknown}
 k - 9 potions of curing {unknown}
 p - 2 potions of cancellation {unknown}
 s - 2 potions of invisibility {unknown}
 t - 3 potions of mutation {unknown}
 A - a potion of ambrosia {unknown}
 B - a potion of flight {unknown}
Books
 e - a manual of Slings
 D - a book of Cantrips

   Spells                             Type                      Level
   a - Confusing Touch                Hexes                        1
   b - Animate Skeleton               Necromancy                   1
   c - Summon Small Mammal            Summoning                    1
   d - Apportation                    Translocation                1
Miscellaneous
 J - a lamp of fire
Comestibles
 f - 10 bread rations
 l - 3 royal jellies
 o - 8 meat rations
 r - 2 chunks of flesh


   Skills:
 + Level 8.5(13.5) Fighting
 + Level 12.0(17.0) Long Blades
 + Level 9.5(14.5) Armour
 + Level 4.2(9.2) Dodging
 + Level 1.5(6.5) Stealth
 + Level 10.1(15.1) Shields
 + Level 1.0 Evocations


You had 9 spell levels left.
You didn't know any spells.

Dungeon Overview and Level Annotations

Branches:
Dungeon (10/15)            Temple (1/1) D:5            Lair (0/6) D:8
    Orc: D:9-12

Altars:
Ashenzari
Cheibriados
Dithmenos
Elyvilon
Fedhas
Gozag
Hepliaklqana
Kikubaaqudgha
Makhleb
Nemelex Xobeh
Okawaru
Qazlal
Ru
Sif Muna
Trog
Uskayaw
Vehumet
Xom
Yredelemnul
Zin
The Shining One

Shops:
D:7 [

Annotations:
D:10 Snorg


Innate Abilities, Weirdness & Mutations

You reflexively headbutt those who attack you in melee.
You have a pair of horns on your head.


Message History

You completely miss Snorg. You headbutt Snorg!
Snorg is lightly wounded.
Snorg barely misses you.
You riposte.
You slash Snorg!
Snorg is lightly wounded.
You block Snorg's attack. x2
You hit Snorg. You headbutt Snorg.
Snorg is moderately wounded.
You block Snorg's attack. Snorg claws you. Snorg claws you but does no damage.
Snorg bites you! Snorg claws you but does no damage. You block Snorg's attack.
You hit Snorg. Your headbutt misses Snorg.
Snorg is moderately wounded.
You block Snorg's attack. x2; Snorg claws you!
* * * LOW HITPOINT WARNING * * *
You hit Snorg.
Snorg is moderately wounded.
You block Snorg's attack. x2; Snorg claws you!
* * * LOW HITPOINT WARNING * * *
You feel very mighty all of a sudden. Snorg bites you!
You die...

####...##...>#.............#
#..........#....##......##
#..........#.....##.....).
#....##...##.....##...#...
#....##...##....###..##.._
#................##...#.).
#................##.......
#................##.....##
####.####@####..####.....#
#+ #T# ## ####... ... ####
..... ....... ........#
.........# #.........#


You could see Snorg (berserk).

Vanquished Creatures
  Fannar (D:10)
  3 trolls
  A hornet (D:10)
  Prince Ribbit (D:6)
  9 yaks (D:9)
  A water moccasin (D:7)
  6 orc warriors
  3 eyes of draining (D:4)
  3 phantoms
  5 sky beasts
  2 ice beasts
  2 centaurs
  5 ogres
  7 bullfrogs
  A scorpion (D:5)
  3 wights (D:10)
  3 crimson imps
  A centaur zombie (D:10)
  A quasit (D:9)
  2 hounds
  3 jellies
  Crazy Yiuf (D:2)
  A bullfrog skeleton (D:8)
  3 orc priests
  Terence (D:2)
  14 orc wizards
  4 worker ants
  2 hound zombies
  A hound skeleton (D:4)
  A mummy (D:7)
  A howler monkey skeleton (D:8)
  12 adders
  2 shadow imps
  2 adder skeletons
  3 adder zombies
  3 worms
  2 dart slugs
  3 leopard geckos
  37 orcs
  A ball python (D:3)
  5 giant cockroaches
  9 goblins
  5 hobgoblins
  4 jackals (D:5)
  6 quokkas
  6 bats
  5 frilled lizards
  8 kobolds
  4 orc zombies (D:7)
  11 rats
220 creatures vanquished.

Vanquished Creatures (others)
  A quokka (D:10)
1 creature vanquished.

Grand Total: 221 creatures vanquished

Notes
Turn   | Place    | Note
-------+----------+-------------------------------------------
     0 | D:1      | Peloso the Minotaur Fighter began the quest for the Orb.
     0 | D:1      | Reached XP level 1. HP: 19/19 MP: 0/0
   168 | D:1      | Reached XP level 2. HP: 20/27 MP: 1/1
   755 | D:2      | Reached XP level 3. HP: 33/33 MP: 2/2
   769 | D:2      | Found a runed door.
  1008 | D:2      | Reached skill level 1 in Dodging
  1074 | D:2      | Noticed Terence
  1085 | D:2      | Killed Terence
  1085 | D:2      | Reached skill level 3 in Long Blades
  1085 | D:2      | Reached XP level 4. HP: 40/40 MP: 3/3
  1398 | D:2      | Noticed Crazy Yiuf
  1403 | D:2      | Killed Crazy Yiuf
  1623 | D:3      | Found a faded altar of an unknown god.
  1748 | D:3      | Found a shattered altar of Ashenzari.
  1748 | D:3      | Found a glowing golden altar of the Shining One.
  1890 | D:3      | Reached XP level 5. HP: 46/46 MP: 4/4
  1912 | D:4      | Noticed an ogre
  1915 | D:4      | Killed an ogre
  1915 | D:4      | Reached skill level 4 in Long Blades
  2010 | D:4      | Noticed an eye of draining
  2012 | D:4      | Noticed an eye of draining
  2021 | D:4      | Killed an eye of draining
  2021 | D:4      | Reached skill level 5 in Long Blades
  2021 | D:4      | Reached skill level 5 in Armour
  2021 | D:4      | Reached skill level 5 in Shields
  2021 | D:4      | Reached XP level 6. HP: 50/53 MP: 0/5
  2037 | D:4      | Reached skill level 6 in Long Blades
  2037 | D:4      | Reached XP level 7. HP: 60/60 MP: 0/6
  2038 | D:4      | Found a bloodstained altar of Trog.
  2339 | D:4      | Reached skill level 5 in Fighting
  2565 | D:4      | Reached skill level 7 in Long Blades
  2796 | D:5      | Entered Level 5 of the Dungeon
  3122 | D:5      | Reached XP level 8. HP: 37/69 MP: 7/7
  3469 | D:5      | Found a burning altar of Makhleb.
  3500 | D:5      | Found a staircase to the Ecumenical Temple.
  3506 | Temple   | Entered the Ecumenical Temple
  3525 | Temple   | Became a worshipper of Warmaster Okawaru
  3751 | D:6      | Reached skill level 8 in Long Blades
  3892 | D:6      | Reached skill level 1 in Stealth
  3901 | D:6      | Noticed Prince Ribbit
  4077 | D:6      | Found a sacrificial altar of Ru.
  4200 | D:6      | Killed Prince Ribbit
  4200 | D:6      | Reached * piety under Okawaru
  4200 | D:6      | Reached skill level 9 in Long Blades
  4330 | D:6      | Reached XP level 9. HP: 20/75 MP: 8/8
  4783 | D:7      | Noticed a hand axe
  4783 | D:7      | Noticed a dagger
  4787 | D:7      | Found a hide-covered altar of Uskayaw.
  4800 | D:7      | Reached skill level 1 in Evocations
  4805 | D:7      | Reached ** piety under Okawaru
  5052 | D:7      | Found Mepijex's Armour Boutique.
  5249 | D:7      | Reached skill level 10 in Long Blades
  5615 | D:8      | Found an opulent altar of Gozag.
  5888 | D:8      | Found a staircase to the Lair.
  5967 | D:8      | Reached *** piety under Okawaru
  6490 | D:9      | Noticed a troll
  6503 | D:9      | Killed a troll
  6503 | D:9      | Reached skill level 11 in Long Blades
  6586 | D:9      | Reached XP level 10. HP: 58/86 MP: 9/9
  6774 | D:9      | Reached **** piety under Okawaru
  7471 | D:9      | Found a shattered altar of Ashenzari.
  7677 | D:10     | Entered Level 10 of the Dungeon
  7859 | D:10     | Noticed Fannar
  7885 | D:10     | Killed Fannar
  7885 | D:10     | Reached ***** piety under Okawaru
  8248 | D:10     | Found an iron altar of Okawaru.
  8402 | D:10     | Paralysed by a hornet for 2 turns
  8421 | D:10     | Reached skill level 10 in Shields
  8768 | D:10     | Reached skill level 12 in Long Blades
  8854 | D:10     | Noticed Snorg
  8863 | D:10     | Received a gift from Okawaru
  8869 | D:10     | Mangled by Snorg

Skill      XL: |  1  2  3  4  5  6  7  8  9 10 |
---------------+-------------------------------+-----
Armour         | 4 5 6 7 8 9 |  9.5
Shields        | 4 5 6 8 10 | 10.1
Dodging        | 1 2 3 4 |  4.2
Fighting       | 4 5 6 7 8 |  8.5
Long Blades    | 3 5 6 7 9 11 12 | 12.0
Stealth        | 1 |  1.5
Evocations     | 1 |  1.0

Action                   |  1- 3 |  4- 6 |  7- 9 | 10-12 || total
-------------------------+-------+-------+-------+-------++-------
Melee: Long sword        |    82 |    87 |   486 |   223 ||   878
       Headbutt          |    11 |    21 |   110 |    67 ||   209
Invok: Heroism           |       |       |       |     3 ||     3
Evoke: Wand              |       |       |     3 |       ||     3
  Use: Potion            |       |     1 |       |     3 ||     4
       Scroll            |       |       |     9 |     3 ||    12
 Stab: Confused          |       |       |     1 |       ||     1
  Eat: Chunk             |     1 |     3 |    15 |     6 ||    25
       Fruit             |       |       |       |     2 ||     2
Armor: Scale mail        |    29 |    22 |    40 |       ||    91
       Chain mail        |       |       |    58 |       ||    58
       Plate armour      |       |       |   112 |    86 ||   198
Dodge: Dodged            |    27 |    17 |   118 |    39 ||   201
Block: Shield            |    49 |    30 |   267 |   105 ||   451
       Rpst.: Long sword |     7 |     3 |    23 |    11 ||    44
